 Dungeon Crawl Stone Soup version 0.27.1-35-g4d5d836560 (console) character file.

Game seed: 8639004315185982293

121132 grimtooth the Fighter (level 17, 0/148 HPs)
             Began as a Djinni Fire Elementalist on Dec 26, 2022.
             Was a High Priest of Ashenzari.
             Killed from afar by a thorn hunter (43 damage)
             ... with a volley of thorns
             ... on level 3 of the Swamp on Dec 27, 2022.
             The game lasted 04:37:52 (27625 turns).

grimtooth the Fighter (Djinni Fire Elementalist)   Turns: 27625, Time: 04:37:53

Health: 0/148      AC: 12    Str:  8    XL:     17   Next: 39%
Gold:   3240       EV: 21    Int: 24    God:    Ashenzari [*****.] SH: 11 Dex: 15

rFire    + + .     SeeInvis +   e - +4 flail {protect, Cun, Self} (curse)
rCold    . . .     Faith    .   B - +1 buckler of the Eternal Sun {Harm rElec Str-2 Int+4, Self, Evo} (curse)
rNeg     . . .     Spirit   .   M - +0 troll leather armour "Overhang to Understand" {Regen+, Self, Cun} (curse)
rPois    ∞         Reflect  +   g - +1 helmet of Curses and Power {Range, Self} (curse)
rElec    +         Harm     +   m - +2 cloak of Ashenzari's Fanaticism {Range, Melee} (curse)
rCorr    .         Rampage  .   K - +0 pair of gloves of Toth-Mos's Legacy {Self, Cun} (curse)
Will     ++...     Clarity  +   (boots unavailable)
Stlth    +++.......             E - amulet of the Sky {Reflect SH+5, Melee, Cun} (curse)
HPRegen  1.34/turn              s - ring "Fetters of the Welkin" {rC+, Evo, Self} (curse)
MPRegen  0.00/turn              U - ring of willpower

@: flying
A: sickness immunity, fire resistance 2, cold vulnerability 1, float, innate
caster, hp casting, extra vitality 1
a: Renounce Religion, Curse Item, Shatter the Chains


You were on level 3 of the Swamp.
You worshipped Ashenzari.
Ashenzari was extremely pleased with you.
You visited 5 branches of the dungeon, and saw 24 of its levels.

You collected 3635 gold pieces.
You spent 395 gold pieces at shops.

Inventory:

Hand Weapons
 e - the cursed +4 flail of the All-seeing Sybil (weapon) {protect, Cun, Self}
   (You took it off Edmund on level 5 of the Dungeon)

   It grants its wielder temporary protection when it strikes (+7 to AC).
   It has a curse which improves the following skills: Cunning: Dodging and
   Stealth.
   Introspection: Fighting and Spellcasting.
 f - a +0 vampiric whip
 l - the +5 quarterstaff of Action {speed, rC+ SInv}
   (You found it on level 9 of the Dungeon)

   Attacks with this weapon are significantly faster.
   rC:        It protects you from cold.
   SInv:      It lets you see invisible.
 n - a +2 dagger of venom
Missiles
 k - 63 poisoned darts (quivered)
 q - 11 curare-tipped darts
 y - 11 boomerangs
Armour
 g - the cursed +1 helmet of Curses and Power (worn) {Range, Self}
   (You found it on level 2 of the Dungeon)

   It has a curse which improves the following skills: Ranged Combat: Slings,
   Bows, Crossbows and Throwing.
   Introspection: Fighting and Spellcasting.
 i - a +2 robe of the Archmagi
 m - the cursed +2 cloak of Ashenzari's Fanaticism (worn) {Range, Melee}
   (You found it on level 2 of the Dungeon)

   It has a curse which improves the following skills: Ranged Combat: Slings,
   Bows, Crossbows and Throwing.
   Melee Combat: Short Blades, Long Blades, Axes, Maces & Flails, Polearms,
   Staves and Unarmed Combat.
 B - the cursed +1 buckler of the Eternal Sun (worn) {Harm rElec Str-2 Int+4, Self, Evo}
   (You found it on level 7 of the Dungeon)

   Str:       It affects your strength (-2).
   Int:       It affects your intelligence (+4).
   rElec:     It insulates you from electricity.
   Harm:      It increases damage dealt and taken.
   It has a curse which improves the following skills: Introspection: Fighting
   and Spellcasting.
   Evocations: Evocations.
 K - the cursed +0 pair of gloves of Toth-Mos's Legacy (worn) {Self, Cun}
   (You found it on level 9 of the Dungeon)

   It has a curse which improves the following skills: Introspection: Fighting
   and Spellcasting.
   Cunning:   Dodging and Stealth.
 M - the cursed +0 troll leather armour "Overhang to Understand" (worn) {Regen+, Self, Cun}
   (You found it on level 10 of the Dungeon)

   Regen:     It increases your rate of health regeneration.
   It has a curse which improves the following skills: Introspection: Fighting
   and Spellcasting.
   Cunning:   Dodging and Stealth.
Jewellery
 h - a ring of positive energy
 s - the cursed ring "Fetters of the Welkin" (left hand) {rC+, Evo, Self}
   (You found it on level 4 of the Dungeon)

   [ring of protection from cold]

   rC:        It protects you from cold.
   It has a curse which improves the following skills: Evocations: Evocations.
   Introspection: Fighting and Spellcasting.
 x - a +6 ring of dexterity
 E - the cursed amulet of the Sky (around neck) {Reflect SH+5, Melee, Cun}
   (You found it on level 1 of the Dungeon)

   [amulet of reflection]

   It reflects blocked missile attacks.
   SH:        It affects your SH (+5).
   It has a curse which improves the following skills: Melee Combat: Short
   Blades, Long Blades, Axes, Maces & Flails, Polearms, Staves and Unarmed
   Combat.
   Cunning:   Dodging and Stealth.
 J - a ring of fire
 Q - a +4 ring of slaying
 U - a ring of willpower (right hand)
Wands
 C - a wand of digging (7)
 I - a wand of acid (7)
 P - a wand of paralysis (9)
 R - a wand of iceblast (6)
Scrolls
 c - a scroll of acquirement
 d - 3 scrolls of fog
 j - 2 scrolls of blinking
 o - a scroll of enchant weapon
 v - 7 scrolls of teleportation
 w - 4 scrolls of magic mapping
 D - 9 scrolls of vulnerability
Potions
 a - 5 potions of curing
 b - 2 potions of might
 p - 3 potions of brilliance
 r - 2 potions of berserk rage
 t - 3 potions of lignification
 u - 3 potions of haste
 A - 4 potions of cancellation
 N - 3 potions of resistance
 S - a potion of invisibility
Miscellaneous
 T - a box of beasts


   Skills:
 - Level 14.6(22.1) Fighting
 + Level 7.3(11.3) Staves
 - Level 9.0 Armour
 - Level 12.4(18.3) Dodging
 - Level 1.5(5.5) Stealth
 - Level 6.0 Shields
 - Level 13.7(21.3) Spellcasting
 + Level 7.5(11.5) Evocations


You had 10 spell levels left.
You knew the following spells:

 Your Spells              Type           Power      Damage    Failure   Level
a - Foxfire               Conj/Fire      100%       2x1d9     0%          1
b - Inner Flame           Hex/Fire       91%        N/A       0%          3
c - Conjure Flame         Conj/Fire      91%        6-21      0%          3
d - Sticky Flame          Conj/Fire      91%        2d10      0%          4
e - Wereblood             Tmut           91%        N/A       0%          2
f - Fireball              Conj/Fire      45%        3d18      0%          5
g - Ignite Poison         Fire/Tmut/Pois 91%        N/A       0%          3
h - Leda's Liquefaction   Hex/Erth       45%        N/A       0%          4
i - Iskenderun's Mystic   Conj/Tloc      91%        2d18      0%          4
j - Summon Forest         Summ/Tloc      45%        N/A       0%          5
k - Statue Form           Tmut/Erth      60%        N/A       1%          6
l - Monstrous Menagerie   Summ           45%        N/A       1%          7
x - Animate Skeleton      Necr           100%       N/A       0%          1
Your spell library was empty.

Dungeon Overview and Level Annotations

Branches:
Dungeon (12/15)            Temple (1/1) D:5            Lair (6/6) D:10
  Swamp (3/4) Lair:3        Snake (0/4) Lair:2        Slime (0/5) Lair:5
    Orc (2/2) D:11            Elf (0/3) Orc:2

Altars:
Ashenzari
Cheibriados
Dithmenos
Elyvilon
Fedhas
Gozag
Hepliaklqana
Kikubaaqudgha
Makhleb
Nemelex Xobeh
Okawaru
Qazlal
Ru
Sif Muna
Trog
Uskayaw
Vehumet
Wu Jian
Xom
Yredelemnul
Zin
The Shining One
Beogh

Shops:
Orc:1 ?   Orc:2 ?(**

Annotations:
D:4 1 runed translucent door, Aldia's ghost, amateur MiCK
D:5 1 runed translucent door, Crazy Yiuf
D:10 dig
D:12 1 runed translucent door, karkarkar's ghost, journeyman HOFi
Lair:5 exclusion: oklob plant
Lair:6 exclusions: 3 doors and oklob plant
Orc:1 2 transporters, Delexorgh's ghost, journeyman HuFi


Innate Abilities, Weirdness & Mutations

You are immune to sickness and miasma.
You are immune to poison.
Your flesh is very heat resistant. (rF++)
You are vulnerable to cold. (rC-)
You float through the air rather than walking.
You learn spells naturally, not from books.
Your magical power is your life essence.
You have superior vitality. (+4 HP)


Message History

You hear a splash.
The +0 swamp dragon scales are intact enough to wear.
Press: ? - help, v - describe, . - travel, g - get item
Here: a bunyip (steam, lightly wounded)
Items here: +0 swamp dragon scales; a swamp dragon corpse.
Some shallow water.
Casting: Fireball (safe; 0% risk of failure)
Confirm with . or Enter, or press ? or * to list all spells.
You attempt to give life to the dead...
Before your eyes, flesh is ripped from the corpse!
The dead are flying!
* * * LOW HITPOINT WARNING * * *
The bunyip is engulfed in a cloud of scalding steam.
Aiming: Paralyse
Press: ? - help, Shift-Dir - straight line, f - bunyip
Aim: a bunyip (lightly wounded, chance to affect: 40%)
The bunyip resists with some effort.
Press: ? - help, v - describe, . - travel
Here: a bunyip (lightly wounded) Some shallow water.
Press: ? - help, v - describe, . - travel
Here: a swamp worm (lightly wounded, strong) Some shallow water.
Casting: Animate Skeleton (safe; 0% risk of failure)
Confirm with . or Enter, or press ? or * to list all spells.
You erupt in a blast of force!
The mystic blast hits the bunyip.
The bunyip is lightly wounded.
The bunyip is knocked back by the mystic blast.
* * * LOW HITPOINT WARNING * * *
You hear a roar!
A thorn hunter comes into view.
The swamp worm fires a harpoon shot at you.
The harpoon shot hits you but does no damage.
A seven-headed hydra comes into view.
As you read the scroll of fear, it crumbles to dust.
You assume a fearsome visage.
The bunyip looks frightened!
The thorn hunter is unaffected.
The swamp worm looks frightened!
The thorn hunter fires a volley of thorns at you.
The volley of thorns hits you!!!
You die...

≈ *≈ ,≈≈ ≈ ≈, , , ,
≈,,, ≈≈ ≈ ≈ , ≈≈≈, ,≈ *
,, ≈ ≈≈,* ,, ,
*{..≈.≈≈.♣* ≈ ≈ ** , ,≈
♣♣≈.≈≈≈≈♣* ,** ≈ ≈ ** ,
♣..≈≈≈≈≈♣ ,, ,≈, ,
♣♣.≈≈.$≈.♣,>,, ,,≈ ≈ ≈
♣♣.≈≈≈... ♣.≈≈..≈§≈
,,≈≈ ♣♣≈≈≈.?≈♣
♣≈≈≈≈♣♣≈≈* ≈≈≈≈ ≈≈≈
♣♣.≈!≈.≈♣ ♣♣♣♣♣♣♣♣* ≈≈
, ♣♣♣≈...≈♣♣♣♣♣♣♣@.♣♣♣*
≈ ≈ < ≈
♣♣♣≈..[.♣♣♣♣♣♣♣≈.≈♣♣≈*,
♣♣♣...≈.♣♣♣.≈♣♣≈...♣*≈
≈≈
♣♣..≈≈≈w≈.).≈D≈≈§≈f♣.
≈≈ ≈≈≈
♣♣♣<≈≈≈≈§§§.∆§§x≈≈≈≈. ,
≈≈
♣♣♣♣≈.≈≈≈≈§≈.§§..≈.♣≈.
,
♣♣♣♣♣.≈≈≈§x)<...≈≈≈≈♣♣.
, ≈
♣♣♣♣♣§≈≈.§≈≈....≈≈≈≈≈ ≈
♣.≈≈≈§≈≈.♣...≈≈≈≈ ≈ ≈ ,
♣$.≈≈≈≈≈♣♣♣......≈≈≈≈ ≈
* *♣≈≈..≈§≈♣♣♣♣≈..≈≈ ≈


You could see a thorn hunter, a bunyip (fleeing) and a seven-headed hydra.

Vanquished Creatures
  Gastronok (Lair:1)
  A fenstrider witch (Swamp:2)
  A vampire knight (D:12)
  2 bunyips
  2 eleionomae (Swamp:1)
  Fannar (Lair:1)
  12 hydras
  2 boulder beetles
  A spriggan air mage (Swamp:2)
  An ogre mage (Orc:2)
  An anaconda (Lair:6)
  A death knight (D:12)
  2 alligators (Swamp:2)
  8 two-headed ogres
  14 death yaks
  9 orc high priests (Orc:2)
  2 spriggan berserkers (Swamp:2)
  A vampire mage (D:12)
  Nergalle (Lair:1)
  A goliath frog (Swamp:2)
  A bog body (Swamp:1)
  A skeletal warrior (D:12)
  2 swamp dragons
  An orc knight (Orc:2)
  Pikel (D:5)
  A phantasmal warrior (D:12)
  4 spriggan druids
  2 deep elf pyromancers (D:9)
  A lindwurm (Lair:4)
  2 cyclopes (D:12)
  19 elephants
  4 orc sorcerers
  2 will-o-the-wisps
  Maurice (D:8)
  Joseph (Lair:1)
  4 centaur zombies
  5 black mambas
  2 gargoyles
  13 cane toads
  16 rime drakes
  3 kobold demonologists
  8 komodo dragons
  A freezing wraith (D:11)
  A bloated husk (Swamp:2)
  Grinder (D:3)
  2 polar bears
  4 trolls
  4 tyrant leeches
  3 slime creatures (D:12)
  Prince Ribbit (D:7)
  3 dream sheep (Lair:6)
  4 hornets
  11 blink frogs
  14 flying skulls
  A wraith (D:11)
  5 spriggans
  Sigmund (D:5)
  3 wyverns
  Eustachio (D:5)
  2 basilisks
  7 vampires (D:12)
  43 yaks
  7 vampire mosquitoes
  9 steam dragons
  Menkaure (D:7)
  19 swamp worms
  Edmund (D:5)
  10 wargs
  An acid dragon (D:10)
  A naga (Lair:2)
  11 water moccasins
  6 swamp drakes
  22 orc warriors
  A sky beast (D:6)
  4 black bears
  3 ice beasts
  9 ogres
  14 wolves
  A necrophage (D:7)
  A centaur (D:9)
  A lemure (D:4)
  A phantom (D:7)
  5 kobold brigands
  8 bullfrogs
  2 scorpions
  A water moccasin skeleton (D:5)
  18 killer bees
  17 wights
  6 howler monkeys
  A jelly (D:7)
  A gnoll shaman (D:8)
  3 hounds
  7 human zombies (D:12)
  27 orc priests
  A centaur skeleton (D:4)
  2 iguanas
  7 hell rats
  15 orc wizards
  A hound skeleton (D:4)
  A mummy (D:8)
  3 adders
  2 gnolls (D:8)
  A howler monkey skeleton (D:7)
  3 river rats
  A shadow imp (D:6)
  An ufetubus (D:6)
  A worm (D:3)
  A dart slug (D:4)
  71 orcs
  4 endoplasms
  2 giant cockroaches
  2 hobgoblins
  13 jackals
  3 quokkas
  7 ball pythons
  14 bats
  2 frilled lizards
  3 goblins
  13 kobolds
  7 rats
670 creatures vanquished.

Vanquished Creatures (collateral kills)
  Saint Roka (Orc:2)
  An eleionoma (Swamp:2)
  A fire dragon (Lair:5)
  A death yak (Lair:6)
  A spriggan (Swamp:2)
  A bog body (Swamp:1)
  A lindwurm (Lair:5)
  An orc sorcerer (Orc:2)
  An elephant (Lair:6)
  A cane toad (Lair:6)
  An unseen horror (D:12)
  A rime drake (Lair:5)
  A tyrant leech (Swamp:2)
  2 trolls (Orc:2)
  A hornet (Swamp:2)
  A slime creature (D:12)
  3 flying skulls (D:12)
  3 dream sheep (Lair:6)
  A wyvern (Lair:3)
  5 yaks
  A wraith (D:12)
  2 basilisks (Lair:6)
  2 steam dragons (Lair:5)
  2 swamp drakes
  5 orc warriors
  An ogre (D:5)
  A killer bee (D:10)
  A wight (D:10)
  2 orc priests (Orc:2)
  2 orc wizards (Orc:1)
  11 orcs
  A foxfire (D:8)
60 creatures vanquished.

Vanquished Creatures (others)
  A gnoll (D:8)
  2 bushes
  932 foxfires
  59 fungi
  65 plants
  2 snaplasher vines (Swamp:1)
  17 withered plants
1078 creatures vanquished.

Grand Total: 1808 creatures vanquished

Notes
Turn   | Place    | Note
-------+----------+-------------------------------------------
     0 | D:1      | grimtooth the Djinni Fire Elementalist began the quest for
                  | the Orb.
     0 | D:1      | Reached XP level 1. HP: 15/15 MP: 0/0
   358 | D:1      | Reached XP level 2. HP: 18/21 MP: 0/0
   477 | D:1      | Found a faded altar of an unknown god.
   747 | D:1      | Reached XP level 3. HP: 24/25 MP: 0/0
   747 | D:1      | Learned a level 1 spell: Animate Skeleton
  1117 | D:2      | Found a bloodstained altar of Trog.
  1575 | D:3      | Reached XP level 4. HP: 27/31 MP: 0/0
  1603 | D:3      | Noticed Grinder
  1736 | D:3      | Noticed an ice beast
  1806 | D:3      | Killed an ice beast
  1807 | D:3      | Reached skill level 5 in Dodging
  1807 | D:3      | Reached XP level 5. HP: 29/35 MP: 0/0
  1807 | D:3      | Learned a level 2 spell: Wereblood
  1908 | D:3      | Found a snail-covered altar of Cheibriados.
  2129 | D:4      | Reached XP level 6. HP: 25/40 MP: 0/0
  2652 | D:4      | Found a runed translucent door.
  2653 | D:4      | Noticed Aldia's ghost (amateur MiCK)
  2750 | D:5      | Entered Level 5 of the Dungeon
  2776 | D:5      | Noticed an ogre
  2780 | D:5      | Noticed a kobold demonologist
  2834 | D:5      | Noticed Sigmund
  3002 | D:6      | Noticed an ice beast
  3031 | D:6      | Killed an ice beast
  3032 | D:6      | Reached XP level 7. HP: 40/45 MP: 0/0
  3032 | D:6      | Learned a level 3 spell: Ignite Poison
  3578 | D:6      | Reached skill level 5 in Spellcasting
  3724 | D:6      | Reached skill level 1 in Fighting
  3724 | D:6      | Reached XP level 8. HP: 50/52 MP: 0/0
  3772 | D:6      | Reached skill level 2 in Fighting
  4012 | D:6      | Reached skill level 4 in Fighting
  4210 | D:7      | Noticed Menkaure
  4332 | D:7      | Noticed a wyvern
  4391 | D:6      | Reached skill level 5 in Fighting
  4635 | D:7      | Killed Menkaure
  4636 | D:7      | Reached XP level 9. HP: 32/66 MP: 0/0
  4636 | D:7      | Learned a level 4 spell: Leda's Liquefaction
  4990 | D:7      | Reached skill level 6 in Fighting
  5087 | D:7      | Noticed Prince Ribbit
  5122 | D:7      | Killed Prince Ribbit
  5993 | D:7      | Identified the +1 buckler of the Lair of Beasts {Harm rElec
                  | Str-2 Int+4}
  6211 | D:3      | Killed Grinder
  6212 | D:3      | Reached skill level 7 in Fighting
  6316 | D:3      | Found an ornate altar of the Wu Jian Council.
  6402 | D:5      | Reached XP level 10. HP: 65/75 MP: 0/0
  6494 | D:5      | Noticed Pikel
  6652 | D:5      | Killed Pikel
  6694 | D:5      | Noticed Edmund
  6719 | D:5      | Found a bloodstained altar of Trog.
  6802 | D:5      | Killed Sigmund
  6853 | D:5      | Found a staircase to the Ecumenical Temple.
  6973 | Temple   | Entered the Ecumenical Temple
  7175 | Temple   | Became a worshipper of Ashenzari the Shackled
  7226 | D:5      | Noticed Eustachio
  7281 | D:5      | Killed Eustachio
  7282 | D:5      | Reached skill level 8 in Fighting
  7555 | D:5      | Found a runed translucent door.
  7556 | D:5      | Noticed Crazy Yiuf
  7646 | D:5      | Killed Edmund
  7793 | D:5      | Killed a kobold demonologist
  8402 | D:8      | Noticed Maurice
  8937 | D:7      | Reached XP level 11. HP: 62/82 MP: 0/0
  8937 | D:7      | Learned a level 4 spell: Iskenderun's Mystic Blast
  9557 | D:8      | Killed Maurice
  9558 | D:8      | Reached skill level 9 in Fighting
  9753 | D:9      | Reached skill level 10 in Fighting
  9753 | D:9      | Reached XP level 12. HP: 94/94 MP: 0/0
  9878 | D:9      | Found a white marble altar of Elyvilon.
  9933 | D:9      | Found a sparkling altar of Nemelex Xobeh.
 10061 | D:9      | Reached skill level 11 in Fighting
 10285 | D:9      | Identified the +5 quarterstaff of Action {speed, rC+ SInv}
 10586 | D:9      | Found an iron altar of Okawaru.
 10606 | D:9      | Found a hazy altar of Hepliaklqana.
 10615 | D:9      | Found a sacrificial altar of Ru.
 10652 | D:10     | Entered Level 10 of the Dungeon
 10686 | D:10     | Reached * piety under Ashenzari
 10804 | D:10     | Noticed a death knight
 10804 | D:10     | Noticed a centaur warrior
 10804 | D:10     | Noticed a tengu warrior
 10813 | D:10     | Noticed an ogre mage
 10813 | D:10     | Noticed a centaur warrior
 10837 | D:10     | Reached skill level 1 in Armour
 10963 | D:10     | Noticed a two-headed ogre
 10982 | D:10     | Killed a two-headed ogre
 11345 | D:10     | Found a staircase to the Lair.
 11653 | D:10     | Noticed a fire dragon
 11712 | Lair:1   | Entered Level 1 of the Lair of Beasts
 11712 | Lair:1   | Noticed Nergalle
 11771 | Lair:1   | Noticed a four-headed hydra
 11960 | Lair:1   | Noticed a seven-headed hydra
 11976 | Lair:1   | Found a hide-covered altar of Uskayaw.
 11977 | Lair:1   | Noticed a boulder beetle
 11977 | Lair:1   | Noticed Gastronok
 12081 | Lair:1   | Killed a boulder beetle
 12143 | Lair:1   | Killed Gastronok
 12144 | Lair:1   | Reached skill level 5 in Armour
 12292 | Lair:1   | Found an ornate altar of the Wu Jian Council.
 12554 | Lair:1   | Found a blossoming altar of Fedhas.
 12621 | Lair:1   | Noticed Joseph
 12651 | Lair:1   | Noticed Fannar
 12666 | Lair:1   | Killed Fannar
 12667 | Lair:1   | Reached XP level 13. HP: 89/102 MP: 0/0
 12667 | Lair:1   | Learned a level 5 spell: Summon Forest
 12846 | Lair:1   | Killed Nergalle
 12983 | Lair:2   | Found the +4 skin of Zhor {*Englaciate rC+++ SInv}
 13362 | Lair:2   | Found a staircase to the Snake Pit.
 14401 | Lair:3   | Noticed a seven-headed hydra
 14800 | Lair:3   | Reached ** piety under Ashenzari
 15485 | Lair:3   | Reached XP level 14. HP: 106/111 MP: 0/0
 15707 | Lair:3   | Reached skill level 12 in Fighting
 15767 | Lair:4   | - when did i get marked
 15767 | Lair:4   | - that explains it
 15781 | Lair:4   | - tight layout too
 17342 | Lair:5   | Reached skill level 13 in Fighting
 17576 | Lair:5   | Found a staircase to the Slime Pits.
 17883 | Lair:5   | Reached skill level 10 in Dodging
 18109 | Lair:5   | Reached XP level 15. HP: 66/120 MP: 0/0
 18109 | Lair:5   | Learned a level 6 spell: Statue Form
 18522 | Lair:6   | Entered Level 6 of the Lair of Beasts
 18637 | Lair:5   | Reached *** piety under Ashenzari
 18891 | Lair:6   | Reached skill level 14 in Fighting
 19136 | Lair:6   | Identified the cursed +0 pair of gloves of Toth-Mos's
                  | Legacy {Self, Cun} (You found it on level 9 of the Dungeon)
 19949 | Lair:6   | Found the +2 robe of Vines {NoPotionHeal Regen+++}
 20373 | Lair:1   | Killed Joseph
 20985 | D:11     | Found a staircase to the Orcish Mines.
 21533 | D:11     | Reached skill level 1 in Shields
 22241 | D:12     | Reached **** piety under Ashenzari
 22261 | D:12     | Found an ornate altar of the Wu Jian Council.
 22354 | D:12     | Found a basalt altar of Yredelemnul.
 22529 | D:12     | Reached XP level 16. HP: 105/133 MP: 0/0
 22790 | D:12     | Found a runed translucent door.
 22791 | D:12     | Found a shimmering altar of Xom.
 22791 | D:12     | Noticed karkarkar's ghost (journeyman HOFi)
 22792 | D:12     | Identified the +1 great sword "Modietil" {chaos, Dex+4}
 22977 | D:12     | Paralysed by a vampire knight for 3 turns
 23478 | Orc:1    | Entered Level 1 of the Orcish Mines
 23478 | Orc:1    | Found Fytuamip's Magic Scroll Shop.
 23666 | Orc:1    | Found a transporter.
 23667 | Orc:1    | Noticed Delexorgh's ghost (journeyman HuFi)
 23667 | Orc:1    | Identified the ring "Revetywadd" {rF+ Dex+6}
 23679 | Orc:1    | Found a transporter.
 23683 | Orc:1    | Found the +27 Lear's hauberk
 23714 | Orc:1    | Reached skill level 1 in Staves
 23758 | Orc:1    | Reached skill level 5 in Shields
 24085 | Orc:2    | Entered Level 2 of the Orcish Mines
 24085 | Orc:2    | Noticed Saint Roka
 24528 | Orc:2    | Found Tiracab's Antique Weapon Emporium.
 24544 | Orc:2    | Found Keadgh's Magic Scroll Boutique.
 24641 | Orc:2    | Bought a scroll of teleportation for 45 gold pieces
 24641 | Orc:2    | Bought a scroll of teleportation for 45 gold pieces
 24916 | Orc:2    | Found Tylumoh's General Store.
 25050 | Orc:2    | Found Qihuwon's Assorted Antiques.
 25117 | Orc:2    | Found a staircase to the Elven Halls.
 25141 | Orc:2    | Reached ***** piety under Ashenzari
 25425 | Orc:2    | Reached skill level 5 in Staves
 25433 | Orc:2    | Reached skill level 1 in Evocations
 25487 | Orc:2    | Killed Saint Roka
 25773 | Orc:2    | Bought a scroll labelled EQUONKUCH for 23 gold pieces
 25841 | Orc:2    | Bought a potion of haste for 150 gold pieces
 25841 | Orc:2    | Bought a scroll of blinking for 112 gold pieces
 25892 | Orc:1    | Bought a scroll of fog for 20 gold pieces
 26040 | Lair:3   | Found a staircase to the Swamp.
 26072 | Lair:3   | Identified the cursed +0 troll leather armour "Overhang to
                  | Understand" {Regen+, Self, Cun} (You found it on level 10
                  | of the Dungeon)
 26258 | Swamp:1  | Entered Level 1 of the Swamp
 26412 | Swamp:1  | Reached skill level 5 in Evocations
 26531 | Swamp:1  | Reached XP level 17. HP: 104/148 MP: 0/0
 26531 | Swamp:1  | Learned a level 7 spell: Monstrous Menagerie
 27624 | Swamp:3  | Noticed a thorn hunter
 27625 | Swamp:3  | Killed from afar by a thorn hunter

Illustrated notes * , ## ##* ##.##.### ..........### .....(..(.#.### ,, ......>.......# ......r...@..##* ....r....F...P#* * , ....r.r...F...#.# ....Yr.....Y...#, ....k............. , ....#....F(....^.P# ., ##............## * #.......?.....# , ..#.P....#...#., #####........... #........... Turn 15767 on Lair:4: - when did i get marked

...r...........#.##
..k.Y..YF.........#
,
....#Y....(....^.P#
., ##SSY.Yr......##
* #YklYrr.?.....# ,
#..#...DS.#...#.P
#####YrFYF......#
#.k.h.......
##P.r....... * ,*
###F......., * ,
####.@$.....#
#...#......P#
###..<.......
*#......$... *
*##......... ,,
,##....?..# , ,,
.......$# * * *
,......... * *,
.........
*,.F........ ** ,


Turn 15781 on Lair:4: - tight layout too

Levels and vault maps discovered:
D:1:      roderic_chinese_lattice_arrival, layout_loops_ring,
          hellmonk_ecumenical_altar_lost_god, minivault_14,
          chequers_serial_rivers_small_a, chequers_decorated_corner
D:2:      layout_rooms, basic_altar, kennysheep_small_spiral
D:3:      layout_rooms, mainiacjoe_overflow_alcove_1, cheibriados_altar_1,
          uniq_grinder
D:4:      layout_cave_pools, ebering_ghost_reflecting_pool, serial_column_ruins,
          column_ruins_grid_4, column_ruins_columns_straight,
          column_ruins_open_small, column_ruins_open_tiny,
          column_ruins_open_small
D:5:      layout_loops_ring, lemuel_crystal_altar, minmay_temple_entry_trees,
          uniq_crazy_yiuf_cottage, uniq_edmund, uniq_eustachio, uniq_sigmund,
          uniq_pikel
D:6:      layout_loops_ring, minivault_27, kennysheep_generic_room_13
D:7:      layout_basic, uniq_prince_ribbit1, uniq_menkaure
D:8:      layout_rooms, serial_undead, serial_undead_f, serial_undead_e,
          serial_undead_c, serial_undead_d, serial_undead_d,
          amcnicky_mini_rare_corridor_liquid, uniq_maurice
D:9:      layout_loops_ring, amcnicky_altar_gilded,
          nicolae_overflow_quartered_altars, hangedman_abyss_or_decor_stabs,
          minmay_radiant
D:10:     layout_gridville, erik_lair_orcish_takeover, solitary_fountain,
          minivault_12
D:11:     layout_roguey, erik_orc_1
D:12:     lemuel_vampire_tower, layout_irregular_city, ebering_ghost_xom,
          nzn_wu_jian_council_hall
Temple:   eino_narrow_crystal_temple
Lair:1:   layout_cave_pods, basic_altar, nzn_masters_of_martial_movement,
          grunt_megastairs_4, uniq_fannar, uniq_joseph, uniq_gastronok,
          uniq_nergalle
Lair:2:   layout_loops_ring, guppyfry_snake_entry_island, basic_altar
Lair:3:   layout_regular_city, palyth_hydra_swamp_entry, grunt_megastairs_2,
          lemuel_fruit_tree
Lair:4:   layout_cave_shapes
Lair:5:   layout_roguey, dpeg_slime_entry_corner, bobbens_dragon_lair_wall,
          grunt_megastairs_1, minmay_lair_oklob_chamber
Lair:6:   due_jungle_book, layout_regular_city, hellmonk_guarded_unrand_vines
Swamp:1:  layout_basic_swamp, nicolae_swamp_dense_foliage
Swamp:2:  layout_falls_marsh, nicolae_swamp_long_stream, swamp_pool5
Swamp:3:  layout_basic_swamp, infiniplex_staircase_pool_2
Orc:1:    layout_caves, basic_altar, serial_shops, shop,
          gammafunk_ghost_stat_death
Orc:2:    st_orc_town, layout_caves, kennysheep_orc_chapel, uniq_saint_roka

Skill      XL: |  1  2  3  4  5  6  7  8  9 10 11 12 13 14 15 16 17 |
---------------+----------------------------------------------------+-----
Dodging        | 3 5 6 7 9 10 12 | 12.4
Spellcasting   | 3 4 5 6 7 9 11 12 13 | 13.7
Fighting       | 1 5 7 8 10 11 13 14 | 14.6
Armour         | 6 9 |  9.0
Shields        | 3 6 |  6.0
Staves         | 5 7 |  7.3
Evocations     | 5 7 |  7.5
Stealth        | |  1.5

Action                   |  1- 3 |  4- 6 |  7- 9 | 10-12 | 13-15 | 16-18 || total
-------------------------+-------+-------+-------+-------+-------+-------++-------
Melee: Whip              |    12 |     1 |    22 |    85 |   483 |       ||   603
       Dagger            |       |     2 |    16 |    10 |       |       ||    28
       Flail             |       |       |       |     3 |    24 |   328 ||   355
       Quarterstaff      |       |       |       |       |   190 |       ||   190
Throw: Dart              |       |     1 |    27 |    28 |    59 |    46 ||   161
       Boomerang         |       |       |       |       |     5 |     4 ||     9
 Cast: Foxfire           |    58 |    67 |    84 |   119 |   138 |    53 ||   519
       Animate Skeleton  |       |     2 |     4 |    23 |    78 |    72 ||   179
       Conjure Flame     |       |     3 |    16 |    25 |    64 |    12 ||   120
       Sticky Flame      |       |       |    13 |    51 |   159 |    59 ||   282
       Fireball          |       |       |       |    24 |    50 |    72 ||   146
       Iskenderun's Myst |       |       |       |       |    46 |    15 ||    61
       Summon Forest     |       |       |       |       |     2 |     3 ||     5
       Statue Form       |       |       |       |       |     2 |     5 ||     7
       Leda's Liquefacti |       |       |       |       |     2 |     1 ||     3
       Monstrous Menager |       |       |       |       |       |     1 ||     1
Invok: Curse Item        |       |       |       |     2 |     4 |     2 ||     8
 Abil: End Transformatio |       |       |       |       |     1 |     5 ||     6
Evoke: Wand              |       |       |       |     1 |     2 |     7 ||    10
       Box of beasts     |       |       |       |       |       |     1 ||     1
  Use: Scroll            |       |     2 |     1 |     1 |     1 |     3 ||     8
       Potion            |       |       |       |     1 |     2 |     4 ||     7
 Stab: Distracted        |       |       |       |       |     2 |     2 ||     4
       Sleeping          |       |       |       |       |     1 |       ||     1
Armor: Robe              |    10 |     6 |    11 |     4 |       |       ||    31
       Steam dragon scal |       |       |       |    24 |       |       ||    24
       Troll leather arm |       |       |       |    53 |   274 |    79 ||   406
       Skin              |       |       |       |       |     7 |    23 ||    30
Dodge: Dodged            |    34 |    18 |    33 |   142 |   730 |   427 ||  1384
Block: Other             |    10 |     6 |    18 |    50 |   220 |    63 ||   367
       Reflection        |       |     1 |     1 |     4 |     1 |     9 ||    16
       Buckler           |       |       |       |       |       |    94 ||    94
